 Dungeon Crawl Stone Soup version 0.29.0-15-g675c0067aa (webtiles) character file.

Game seed: 193738864593932000

384 qw the Chopper (level 6, -13/38 HPs)
             Began as a Gargoyle Fighter on Sept 12, 2022.
             Mangled by an ogre
             ... wielding a +0 giant spiked club
              (25 damage)
             ... on level 4 of the Dungeon.
             The game lasted 00:01:16 (3867 turns).

qw the Chopper (Gargoyle Fighter)                   Turns: 3867, Time: 00:01:17

Health: -13/38     AC: 17    Str: 22    XL:     6   Next: 77%
Magic:  6/6        EV:  9    Int:  8    God:
Gold:   55         SH:  4    Dex:  9    Spells: 5/5 levels left

rFire   . . .      SeeInvis .   Y - +0 war axe
rCold   . . .      Faith    .   c - +0 buckler
rNeg    + + .      Spirit   .   b - +0 scale mail
rPois   inf        Reflect  .   p - +0 helmet
rElec   +          Harm     .   h - +2 cloak
rCorr   .          Rampage  .   m - +1 pair of gloves
Will    .....                   (no boots)
Stlth   ..........              (no amulet)
HPRegen 0.12/turn               f - ring of positive energy
MPRegen 0.10/turn               (no ring)

@: no status effects
A: sickness immunity, AC +4, negative energy resistance 1, electricity
resistance, torment resistance 1, petrification resistance
a: no special abilities


You were on level 4 of the Dungeon.
You visited 1 branch of the dungeon, and saw 4 of its levels.

You collected 198 gold pieces.
You spent 143 gold pieces at shops.


Innate Abilities, Weirdness & Mutations

You are immune to sickness and miasma.
Your stone body is resilient. (AC +4)
You are immune to poison.
You resist negative energy. (rN+)
You are resistant to electric shocks. (rElec)
You are resistant to unholy torment.
You are immune to petrification.


   Skills:
 - Level 4.2 Fighting
 + Level 5.5 Axes
 - Level 3.2 Armour
 - Level 1.7 Dodging
 - Level 3.2 Shields


You had 5 spell levels left.
You didn't know any spells.
Your spell library was empty.

Inventory:

Hand Weapons
 k - a +0 flail
 Y - a +0 war axe (weapon)
Armour
 b - a +0 scale mail (worn)
 c - a +0 buckler (worn)
 h - a +2 cloak (worn)
 m - a +1 pair of gloves (worn)
 o - a +0 chain mail
 p - a +0 helmet (worn)
Jewellery
 f - a ring of positive energy (left hand)
Scrolls
 a - 2 scrolls of identify
 q - a scroll of torment {unknown}
Potions
 d - 5 potions of might
 e - a potion of lignification
 g - a potion of berserk rage {unknown}
 i - 2 potions of curing
 j - 2 potions of haste {unknown}
 l - a potion of brilliance {unknown}
 n - a potion of mutation {unknown}

Dungeon Overview and Level Annotations

Branches:
Dungeon (4/15)
 Temple: D:4-7

Altars:
Nemelex Xobeh
Ru
Sif Muna
Yredelemnul

Shops:
D:4 *

Annotations:
D:4 2 runed translucent doors, qw's ghost, weakling GrDe


Message History

You hit the black bear.
The black bear is moderately wounded.
The black bear closely misses you. You block the black bear's attack.
The black bear claws you but does no damage.
You barely miss the black bear.
The black bear is moderately wounded.
The black bear closely misses you.
The black bear claws you but does no damage.
You block the black bear's attack.
The black bear bites you but does no damage.
You block the black bear's attack.
The black bear claws you but does no damage.
You hit the black bear.
The black bear is heavily wounded.
The black bear closely misses you.
The black bear claws you but does no damage.
The black bear closely misses you.
You slash the black bear!
You kill the black bear!
You start resting.
HP restored.
Found a club.
Found a sparkling altar of Nemelex Xobeh.
Enter note:
Found a stone staircase leading down.
The ogre shouts!
You hit the ogre.
The ogre is lightly wounded.
You block the ogre's attack.
You barely miss the ogre.
The ogre is lightly wounded.
The ogre hits you with a +0 giant spiked club!!
Ouch! That really hurt!
You slash the ogre!
The ogre is severely wounded.
You slash the ogre!
The ogre is almost dead.
The ogre hits you with a +0 giant spiked club!!
Ouch! That really hurt!
You die...

## ............#.##.#.##.# .
.#......#.....##.#.##.# # #.
..).....##.......)....# # #.
...._8_.##.......#.#### # #.#
....._..##########.# # #.#
##......# #####.###
####.######..#...######.......#
......#.......#......##.####..#
......#.##.#..##@....# ###..#
........##.#...O!....# #....#
......#.# .##.##...>.## #.#.##
#.##..#.# ### #...!.##.##.#.#
......#.. ########......#
#.#######.#### ####.### #.#
#......# #.# #.# #.# ##.# #.#
..# #.#.##.##### #.#


You could see an ogre.

Vanquished Creatures
  A black bear (D:4)
  A phantom (D:4)
  A jelly (D:4)
  A hound (D:4)
  Robin (D:2)
  3 gnolls (D:4)
  5 adders
  2 worms
  A dart slug (D:1)
  5 ball pythons
  2 endoplasms
  4 giant cockroaches
  8 hobgoblins
  2 jackals (D:1)
  4 kobolds
  2 quokkas (D:2)
  5 bats
  4 frilled lizards
  16 goblins
  11 rats
79 creatures vanquished.

Notes
Turn   | Place    | Note
-------+----------+-------------------------------------------
     0 | D:1      | qw the Gargoyle Fighter began the quest for the Orb.
     0 | D:1      | Reached XP level 1. HP: 14/14 MP: 1/1
     0 | D:1      | 0 ||| qw: Version: 0.1-a-119-g272c26d
     0 | D:1      | 0 ||| qw: Game counter: 10918
     0 | D:1      | 0 ||| qw: Always use a shield: true
     0 | D:1      | 0 ||| qw: God list: Okawaru
     0 | D:1      | 0 ||| qw: Allow faded altars: false
     0 | D:1      | 0 ||| qw: Do Orc after D:15 true
     0 | D:1      | 0 ||| qw: Do second Lair branch before Depths: true
     0 | D:1      | 0 ||| qw: Lair rune preference: random
     0 | D:1      | 0 ||| qw: Plans: Normal, Zot, God:TSO, Crypt, Tomb, Pan,
                  | Slime, Hells, Zig, Abyss, Orb
     0 | D:1      | 0 ||| PLANNING D:1-11
     5 | D:1      | Found a faded altar of an unknown god.
    68 | D:1      | Reached skill level 2 in Axes
    95 | D:1      | Reached XP level 2. HP: 12/19 MP: 2/2
   517 | D:1      | 517 ||| Stepping ~*~*~tactically~*~*~ (hiding).
   636 | D:1      | 636 ||| Stepping ~*~*~tactically~*~*~ (stealth).
   748 | D:1      | Reached skill level 3 in Axes
   879 | D:1      | 879 ||| UPGRADING to ring of positive energy.
   880 | D:1      | 880 ||| READING 2 scrolls labelled KOITOKH GAIMN.
   881 | D:1      | 881 ||| READING 2 scrolls labelled OGEQIBR XODU.
   882 | D:1      | 882 ||| READING scroll labelled IHE KUSEP NERCH.
   883 | D:1      | 883 ||| READING scroll labelled KORPHIU YVIOMIR.
   980 | D:2      | Reached XP level 3. HP: 19/23 MP: 3/3
  1445 | D:2      | 1445 ||| DROPPING +0 club.
  1500 | D:2      | Noticed Robin
  1502 | D:2      | Reached XP level 4. HP: 28/28 MP: 4/4
  1512 | D:2      | HP: 7/28 [goblin/+0 club[Robin] (6)]
  1514 | D:2      | Reached skill level 4 in Axes
  1516 | D:2      | Killed Robin
  1751 | D:2      | 1751 ||| DROPPING +0 whip.
  2039 | D:2      | 2039 ||| Stepping ~*~*~tactically~*~*~ (hiding).
  2227 | D:2      | 2227 ||| UPGRADING to +0 pair of gloves.
  2232 | D:2      | 2232 ||| UPGRADING to +0 helmet.
  2237 | D:2      | 2237 ||| READING scroll of enchant armour.
  2237 | D:2      | 2237 ||| ENCHANTING +0 pair of gloves.
  2238 | D:2      | 2238 ||| READING scroll labelled JOIG BAILUYT.
  2239 | D:2      | 2239 ||| DRINKING 2 emerald potions.
  2275 | D:2      | 2275 ||| DRINKING 2 fizzy coppery potions.
  2276 | D:2      | 2276 ||| READING 2 scrolls of identify.
  2276 | D:2      | 2276 ||| IDENTIFYING golden potion
  2277 | D:2      | 2277 ||| DROPPING potion of magic.
  2670 | D:3      | Reached XP level 5. HP: 32/32 MP: 5/5
  3267 | D:3      | 3267 ||| UPGRADING to +2 cloak.
  3272 | D:3      | 3272 ||| READING 2 scrolls of identify.
  3272 | D:3      | 3272 ||| IDENTIFYING white potion
  3286 | D:4      | 3286 ||| DROPPING +0 mace of protection.
  3306 | D:4      | Found a runed translucent door.
  3307 | D:4      | Noticed qw's ghost (weakling GrDe)
  3329 | D:4      | Found a basalt altar of Yredelemnul.
  3350 | D:4      | Reached skill level 5 in Axes
  3427 | D:4      | Found a runed translucent door.
  3456 | D:4      | 3456 ||| Stepping ~*~*~tactically~*~*~ (stealth).
  3505 | D:4      | Found a shimmering blue altar of Sif Muna.
  3505 | D:4      | Found a sacrificial altar of Ru.
  3505 | D:4      | Noticed a black bear
  3506 | D:4      | Noticed an ogre
  3507 | D:4      | 3507 ||| Stepping ~*~*~tactically~*~*~ (stealth).
  3510 | D:4      | Noticed a phantom
  3515 | D:4      | HP: 5/33 [ogre/+0 giant spiked club (22)]
  3516 | D:4      | 3516 ||| READING scroll of teleportation.
  3517 | D:4      | 3517 ||| DRINKING potion of heal wounds.
  3630 | D:4      | Found Jappe Feed's Assorted Antiques.
  3638 | D:4      | 3638 ||| SHOPLISTING 2 potions of curing (186 gold, have
                  | 181).
  3638 | D:4      | 3638 ||| BUYING murky grey potion (27 gold).
  3638 | D:4      | Bought a murky grey potion for 27 gold pieces
  3638 | D:4      | 3638 ||| BUYING sapphire potion (27 gold).
  3638 | D:4      | Bought a sapphire potion for 27 gold pieces
  3638 | D:4      | 3638 ||| BUYING scroll of identify (62 gold).
  3638 | D:4      | Bought a scroll of identify for 62 gold pieces
  3638 | D:4      | 3638 ||| SHOPLISTING scroll of teleportation (93 gold, have
                  | 65).
  3638 | D:4      | 3638 ||| SHOPLISTING shiny chain mail (232 gold, have 65).
  3638 | D:4      | 3638 ||| BUYING viscous purple potion (27 gold).
  3638 | D:4      | Bought a viscous purple potion for 27 gold pieces
  3693 | D:4      | 3693 ||| Stepping ~*~*~tactically~*~*~ (stealth).
  3694 | D:4      | 3694 ||| Stepping ~*~*~tactically~*~*~ (stealth).
  3717 | D:4      | Killed a phantom
  3718 | D:4      | Reached skill level 1 in Dodging
  3718 | D:4      | Reached XP level 6. HP: 36/38 MP: 6/6
  3788 | D:4      | Killed a black bear
  3852 | D:4      | Found a sparkling altar of Nemelex Xobeh.
  3867 | D:4      | Mangled by an ogre

Levels and vault maps discovered:
D:1:      roderic_crossed_star, layout_loops_ring,
          ebering_ecumenical_altar_abandoned, minmay_octomino_j4
D:2:      layout_basic, uniq_robin
D:3:      layout_basic, minmay_statues_item, st_stairs_8
D:4:      layout_loops_cross, mainiacjoe_overflow_cross_hatched,
          chequers_temple_overflow_statue_of_worship, ebering_ghost_sewer_f,
          serial_shops, shop

Skill      XL: |  1  2  3  4  5 |
---------------+----------------+-----
Axes           | 2 3 4 5 |  5.5
Fighting       | 4 |  4.2
Dodging        | 1 |  1.7
Armour         | |  3.2
Shields        | |  3.2

Action                   |  1- 3 |  4- 6 || total
-------------------------+-------+-------++-------
Melee: War axe           |    91 |   141 ||   232
  Use: Scroll            |     4 |     5 ||     9
       Potion            |       |     3 ||     3
Armor: Scale mail        |    53 |    90 ||   143
Dodge: Dodged            |    33 |    74 ||   107
Block: Buckler           |    16 |    25 ||    41

Table legend:
 A = Non-vault XP
 B = Vault XP
 C = Vault XP percentage of total XP
 D = Non-vault monster count
 E = Vault monster count
 F = Vault count percentage of total count
                 A         B        C        D         E       F
            +---------+---------+-------+---------+---------+-------
      Total |     509 |      40 |   7.3 |      64 |      15 |  19.0
            +---------+---------+-------+---------+---------+-------
        D:1 |      26 |       4 |  13.3 |      17 |       3 |  15.0
        D:2 |      72 |      36 |  33.3 |      22 |      12 |  35.3
        D:3 |      36 |       0 |   0.0 |      13 |       0 |   0.0
        D:4 |     375 |       0 |   0.0 |      12 |       0 |   0.0
            +---------+---------+-------+---------+---------+-------
